Map: 아크로폴리스 - 래더

Players

LiquidSnute (Snute)

  • Race: Zerg Zerg
  • League: Grandmaster
  • Spawn Location: 11:00

herO - Winner!

  • Race: Protoss Protoss
  • League: Master
  • Spawn Location: 5:00

Event: 2019 Assembly Summer

VOD

Have the link to the VOD?

Description

Time

  • Played on: Aug. 1, 2019, 5:35 a.m.
  • Length: 12:16

All games in this series

Show
View Real Time Build Order
Export as new Build Order

LiquidSnute Zerg 

Build Orders: Hatch First 

Get SALT Encoding   

  12  0:00  Drone  
  13  0:12  Overlord  
  13  0:16  Drone  
  14  0:31  Drone x2  
  14  0:34  Drone  
  17  0:50  Hatchery  
  17  0:54  Drone  
  17  0:57  Drone  
  18  1:08  Extractor  
  17  1:14  Drone, Spawning Pool  
  17  1:18  Drone  
  18  1:28  Drone  
  19  1:38  Overlord  
  19  1:49  Drone  
  20  2:00  Drone, Queen  
  23  2:02  Zergling x2  
  23  2:03  Queen  
  26  2:09  Metabolic Boost  
  26  2:11  Zergling x2  
  27  2:17  Drone  
  27  2:21  Drone  
  29  2:25  Drone  
  30  2:32  Drone  
  31  2:38  Drone  
  31  2:39  Queen  
  31  2:43  Overlord  
  34  2:51  Hatchery  
  34  2:53  Drone  
  34  2:55  Drone  
  34  2:57  Drone  
  36  3:04  Drone  
  37  3:08  Spore Crawler  
  37  3:11  Drone x4  
  40  3:21  Overlord  
  40  3:22  Drone  
  40  3:26  Queen  
  43  3:28  Overlord  
  43  3:30  Drone  
  44  3:36  Extractor  
  44  3:39  Drone  
  44  3:40  Drone  
  45  3:45  Queen  
  47  3:48  Drone x5  
  47  3:50  Drone  
  47  3:52  Spore Crawler  
  47  3:54  Drone  
  53  3:57  Drone  
  53  4:02  Lair  
  54  4:04  Extractor  
  54  4:06  Drone x2  
  54  4:08  Drone  
  56  4:17  Drone x2  
  58  4:20  Drone x5  
  58  4:21  Zergling x2  
  64  4:29  Spore Crawler  
  64  4:31  Baneling Nest, Zergling x6  
  65  4:38  Drone  
  66  4:44  Drone  
  65  4:50  Drone, Overlord  
  65  4:51  Overlord  
  66  4:57  Extractor  
  65  5:01  Hydralisk Den  
  65  5:04  Overlord  
  65  5:05  Evolution Chamber  
  63  5:10  Drone x10  
  73  5:16  Centrifical Hooks  
  73  5:29  Overlord x2  
  73  5:30  Grooved Spines  
  73  5:31  Hydralisk x4  
  81  5:41  Overlord x4  
  81  5:48  Hydralisk x5  
  90  5:54  Zergling x6  
  91  6:01  Hydralisk x3, Overlord  
  95  6:08  Queen x2  
  97  6:14  Zergling x12  
  97  6:18  Hydralisk  
  97  6:28  Hydralisk x3  
  97  6:30  Overlord  
  103  6:39  Zergling x8  
  107  6:42  Muscular Augments  
  107  6:44  Hydralisk  
  109  6:54  Hydralisk x2  
  110  7:04  Zergling x12  
  112  7:18  Zergling x16  
  110  7:31  Hydralisk x5  
  110  7:36  Zerg Melee Weapons Level 1  
  119  7:43  Hatchery, Zergling x6  
  121  7:44  Overlord x2  
  121  7:45  Overlord  
  121  7:47  Extractor  
  120  8:01  Overlord  
  120  8:05  Zergling x12  
  105  8:20  Hydralisk x2  
  105  8:21  Hydralisk x8  
  125  8:27  Zergling x2  
  125  8:31  Hatchery  
  125  8:34  Overseer  
  125  8:35  Baneling x4  
  125  8:36  Baneling x3  
  125  8:39  Zergling x8  
  125  8:40  Zergling x4  
  131  8:42  Baneling x3  
  131  8:47  Hydralisk  
  133  8:50  Baneling x2  
  133  8:53  Zergling x10  
  133  8:55  Baneling x2  
  138  9:00  Zergling x6  
  141  9:08  Zergling x10  
  146  9:10  Baneling x9  
  146  9:13  Zergling x8  
  150  9:24  Zergling x16  
  158  9:25  Baneling x7  
  158  9:37  Zergling x4  
  160  9:41  Overlord x2  
  160  9:42  Overlord  
  160  9:48  Zergling x12  
  154  10:02  Zergling x10  
  154  10:03  Zergling x18  
  151  10:10  Zergling x12  
  129  10:17  Hydralisk x4  
  123  10:21  Hydralisk x2  
  123  10:22  Hydralisk  
  123  10:26  Zergling x6  
  117  10:30  Zergling x6  
  117  10:32  Hydralisk  
  101  10:37  Hydralisk  
  103  10:44  Hydralisk x3  
  103  10:48  Hydralisk  
  111  10:55  Baneling x9  
  111  10:58  Zergling x2  
  111  11:01  Baneling  
  111  11:02  Baneling x6  
  112  11:08  Baneling x10  
  112  11:13  Hydralisk  
  112  11:17  Hydralisk  
  116  11:22  Hydralisk  
  116  11:27  Hydralisk  
  118  11:36  Hydralisk x2  
  118  11:38  Zergling x24  
  133  11:43  Baneling x3  
Show
View Real Time Build Order
Export as new Build Order

herO Protoss - Winner!

Build Orders: 1 Gate Expand, Oracle Opening, Archon Immortal, Archon Drop 

Get SALT Encoding   

  12  0:00  Probe  
  13  0:13  Probe  
  14  0:17  Pylon  
  14  0:25  Probe  
  15  0:35  Probe  
  15  0:36  Gateway  
  16  0:43  Probe  
  16  0:44  Assimilator  
  17  0:52  Probe  
  18  1:04  Probe  
  19  1:16  Probe  
  20  1:24  Nexus  
  20  1:35  Cybernetics Core  
  20  1:37  Probe  
  21  1:42  Assimilator  
  21  1:49  Probe  
  22  1:55  Pylon  
  22  2:02  Probe  
  23  2:13  Adept  
  23  2:15  Stargate  
  25  2:16  Probe  
  25  2:22  Warp Gate  
  26  2:26  Probe  
  27  2:32  Pylon  
  27  2:33  Probe  
  27  2:34  Probe  
  27  2:41  Probe  
  27  2:42  Probe  
  27  2:43  Adept  
  31  2:48  Oracle  
  33  2:51  Probe  
  33  2:55  Probe  
  35  3:04  Probe  
  39  3:07  Probe  
  40  3:14  Pylon  
  40  3:15  Oracle  
  40  3:16  Probe  
  40  3:18  Gateway  
  40  3:19  Probe  
  45  3:29  Probe  
  45  3:32  Probe, Assimilator  
  47  3:34  Assimilator  
  47  3:41  Probe  
  47  3:42  Pylon  
  47  3:44  Probe  
  47  3:48  Robotics Facility  
  49  3:49  Probe  
  50  3:56  Probe  
  50  3:57  Probe  
  50  4:01  Twilight Council  
  52  4:08  Probe  
  52  4:09  Phoenix  
  55  4:10  Probe  
  55  4:13  Zealot  
  55  4:15  Pylon  
  58  4:21  Gateway  
  58  4:25  Warp Prism, Gateway  
  58  4:45  Templar Archives  
  58  4:54  Probe  
  58  4:59  Nexus  
  59  5:00  Pylon  
  59  5:05  Pylon  
  59  5:07  Probe x2  
  61  5:19  Probe x2  
  63  5:25  High Templar x4  
  63  5:27  Shield Battery  
  71  5:29  Archon x2  
  71  5:30  Observer  
  72  5:38  Gateway  
  72  5:39  Gateway x2  
  72  5:40  Probe x2  
  72  5:42  Gateway  
  74  5:44  Immortal  
  74  5:56  Probe x2  
  80  6:02  Charge  
  80  6:10  Zealot, Sentry x2  
  80  6:11  Zealot  
  88  6:13  Immortal, Probe x2  
  88  6:14  Pylon  
  92  6:30  Probe x2  
  92  6:33  Probe, Pylon  
  92  6:38  Assimilator  
  93  6:40  Assimilator  
  93  6:41  Sentry  
  93  6:42  Zealot x3, Sentry  
  93  6:46  Probe  
  93  6:47  Probe x2  
  106  6:52  Immortal, Pylon  
  106  6:53  Pylon  
  106  6:59  Probe x3  
  107  7:16  Sentry x3  
  107  7:17  Zealot x5  
  107  7:20  Warp Prism  
  107  7:21  Probe x3  
  122  7:33  Probe x2  
  122  7:34  Probe  
  122  7:35  Forge  
  127  7:37  Forge  
  127  7:39  Pylon  
  127  7:46  Immortal  
  131  7:59  Nexus  
  131  8:01  Pylon  
  131  8:02  High Templar x3  
  131  8:03  High Templar, Zealot, Pylon  
  141  8:07  Pylon  
  141  8:16  Immortal  
  141  8:17  Psionic Storm  
  139  8:28  Photon Cannon  
  139  8:29  Protoss Ground Weapons Level 1, Protoss Ground Armor Level 1, Shield Battery x2  
  139  8:33  Zealot x4  
  147  8:40  Probe  
  147  8:41  Probe x2  
  150  8:45  Zealot x3  
  150  8:47  Assimilator  
  156  8:55  Immortal  
  160  9:02  Assimilator, Pylon  
  160  9:03  Pylon x2  
  160  9:11  High Templar x2  
  164  9:28  Fleet Beacon  
  164  9:29  Gateway x2  
  164  9:34  Immortal  
  164  9:35  Photon Cannon  
  164  9:36  Photon Cannon  
  168  9:40  Photon Cannon  
  168  9:41  Photon Cannon  
  150  10:04  Immortal  
  150  10:06  Zealot x8  
  131  10:18  Shield Battery  
  131  10:19  Mothership, Shield Battery  
  131  10:20  Pylon  
  111  10:29  High Templar x3  
  111  10:30  High Templar, Zealot x4  
  111  10:33  Archon  
  111  10:35  Warp Prism, Archon  
  129  10:51  Probe x3  
  129  10:54  Shield Battery  
  132  10:58  High Templar x2  
  132  10:59  High Templar  
  132  11:00  High Templar  
  132  11:03  Zealot x4  
  148  11:04  Immortal  
  148  11:15  Sentry  
  148  11:16  Sentry  
  152  11:30  High Templar, Zealot  
  152  11:31  High Templar, Zealot x4  
  166  11:36  Archon  
  166  11:38  Photon Cannon  
  166  11:39  Photon Cannon  
  166  11:41  Shield Battery  
  166  11:42  Zealot x3  
  166  11:45  Dark Shrine  
  174  11:55  Zealot x2  
  174  11:56  Zealot  
  178  12:03  Archon x2  
Tags
 
Add a new tag
Caveats
  • Supply blocks, unpowered buildings, or Contaminate may cause inaccurate times.
  • Supply counts are checked every 10 seconds.